[Event "Team 45 45 League T98"]
[Site "Internet Chess Club"]
[Date "2023.11.19"]
[Round "1"]
[White "tamky70"]
[Black "Toalla"]
[Result "1/2-1/2"]
[WhiteElo "1342"]
[BlackElo "1095"]
[Opening "English opening"]
[ECO "A10"]
[Time "16:45:17"]
[PlyCount "136"]
[TimeControl "2700+45"]

1. c4 g6 2. g3 Bg7 3. Bg2 c6 4. Nf3 Nf6 5. Nc3 e6 6. O-O O-O 7. d4 Re8 8. e4 d5
9. e5 Nfd7 10. c5 a6 11. Re1 f5 12. Bg5 Qa5 13. Qa4 Qxa4 14. Nxa4 h6 15. Bd2 g5
16. Nb6 Nxb6 17. cxb6 Nd7 18. Ba5 Nf8 19. h4 g4 20. Nd2 Nd7 21. Nb3 Bf8 22. Rec1
Kh7 23. Nc5 Nxc5 24. dxc5 Bd7 25. Bb4 Re7 26. f3 a5 27. Ba3 Rf7 28. f4 h5 29.
Rd1 Rd8 30. Rd4 Be8 31. Kf2 Bd7 32. Ke3 Kg6 33. Rc1 Be7 34. Rc3 Rc8 35. Bf1 Ra8
36. Ra4 Rff8 37. Kd4 Kh7 38. b3 Rfd8 39. Bc1 Rdc8 40. a3 Kg6 41. Bd3 Be8 42. Bb2
Kh6 43. Bc2 Bd7 44. Kd3 Rf8 45. Kd4 Rfe8 46. Bd1 Rg8 47. b4 axb4 48. Rxa8 Rxa8
49. axb4 Be8 50. Ra3 Rxa3 51. Bxa3 Bd7 52. Bb2 Be8 53. Be2 Kg6 54. Kd3 Kh6 55.
Bd4 Kg6 56. Kc3 Bf8 57. Kb3 Kf7 58. Ka4 Ke7 59. Ka5 Kd7 60. b5 Kc8 61. Bd3 Bd7
62. bxc6 Bxc6 63. Bb5 Kd7 64. Bd3 Be7 65. Bb5 Bd8 66. Bd3 Be7 67. Bb5 Bd8 68.
Bd3 Be7 {Game drawn by repetition} 1/2-1/2

[Event "Team 45 45 League T98"]
[Site "Internet Chess Club"]
[Date "2023.11.20"]
[Round "1"]
[White "clarinetref"]
[Black "BlueStorm"]
[Result "1-0"]
[WhiteElo "1551"]
[BlackElo "1574"]
[Opening "Caro-Kann defense"]
[ECO "B10"]
[Time "19:01:10"]
[PlyCount "39"]
[TimeControl "2700+45"]

1. e4 c6 2. Nf3 d5 3. exd5 cxd5 4. Ne5 Nf6 5. d4 e6 6. c3 Bd6 7. f4 O-O 8. Bd3
Nbd7 9. O-O Nxe5 10. fxe5 Bc7 11. exf6 gxf6 12. Bh6 f5 13. Qh5 Re8 14. Rf3 Kh8
15. Rh3 Qd7 16. Bg5 f6 17. Bxf6+ Kg8 18. Qg5+ Kf8 19. Qh6+ Kg8 20. Bb5 {Black
resigns} 1-0

[Event "Team 45 45 League T98"]
[Site "Internet Chess Club"]
[Date "2023.11.18"]
[Round "1"]
[White "CMAlge"]
[Black "herrahuu"]
[Result "0-1"]
[WhiteElo "1335"]
[BlackElo "1394"]
[Opening "Queen's pawn: Chigorin variation"]
[ECO "D00"]
[Time "09:01:23"]
[PlyCount "62"]
[TimeControl "2700+45"]

1. d4 d5 2. Nc3 Nf6 3. Bf4 c5 4. e3 Nc6 5. Nb5 Qa5+ 6. c3 Kd7 7. Nc7 Rb8 8. Nb5
Ra8 9. Nf3 a6 10. Ne5+ Nxe5 11. dxe5 axb5 12. exf6 Kc6 13. fxe7 Bxe7 14. Be2 Bf6
15. O-O Be6 16. e4 Rad8 17. Qc2 Qa4 18. exd5+ Bxd5 19. Qxa4 bxa4 20. c4 Bxc4 21.
Bf3+ Kb6 22. Rfe1 Bxb2 23. Rab1 a3 24. Be5 Bxa2 25. Bxb2 Bxb1 26. Bxa3 Bg6 27.
Rc1 Rc8 28. Rc3 c4 29. Bd5 Rhe8 30. Kf1 Bd3+ 31. Kg1 Re1# {White checkmated} 0-1

[Event "Team 45 45 League T98"]
[Site "Internet Chess Club"]
[Date "2023.11.18"]
[Round "1"]
[White "Reykjaviking"]
[Black "SeniorCitizen"]
[Result "1-0"]
[WhiteElo "1332"]
[BlackElo "1137"]
[Opening "Queen's pawn, Mason variation"]
[ECO "D00"]
[Time "13:00:19"]
[PlyCount "39"]
[TimeControl "2700+45"]

1. d4 d5 2. Bf4 a6 3. e3 e6 4. Nd2 Nf6 5. Bd3 c5 6. c3 Be7 7. Ngf3 b5 8. a3 Bb7
9. Ne5 Ne4 10. Ndf3 O-O 11. h4 Nd7 12. Bxe4 dxe4 13. Ng5 Bxg5 14. hxg5 Nxe5 15.
Bxe5 cxd4 16. Bxg7 Qxg5 17. Bxd4 Qxg2 18. Qh5 Qg6 19. Qh2 f6 20. Rg1 {Black
resigns} 1-0